 Dungeon Crawl Stone Soup version 0.31-a0-700-gf13585253f (webtiles) character file.

Game seed: 4507891441124479763

45 qw the Shooter (level 3, -1/22 HPs)
             Began as a Gargoyle Hunter on Sept 7, 2023.
             Slain by a worm (2 damage)
             ... on level 2 of the Dungeon.
             The game lasted 00:00:22 (995 turns).

qw the Shooter (Gargoyle Hunter)                     Turns: 995, Time: 00:00:22

Health: -1/22      AC:  6    Str: 14    XL:     3   Next: 64%
Magic:  3/3        EV: 11    Int:  9    God:
Gold:   56         SH:  0    Dex: 15    Spells: 2/2 levels left

rFire   . . .        Y - +0 shortbow
rCold   . . .        (shield currently unavailable)
rNeg    + . .        c - +0 leather armour
rPois   inf          (no helmet)
rElec   +            (no cloak)
rCorr   .            (no gloves)
SInv    .            (no boots)
Will    .....        (no amulet)
Stlth   ++           (no ring)
HPRegen 0.23/turn    (no ring)
MPRegen 0.08/turn

%: no passive effects
@: about to teleport
A: sickness immunity, AC +3, negative energy resistance 1, electricity
resistance, torment resistance 1, petrification resistance
a: no special abilities


You were on level 2 of the Dungeon.
You visited 1 branch of the dungeon, and saw 2 of its levels.

You collected 56 gold pieces.


Innate Abilities, Weirdness & Mutations

You are immune to sickness and miasma.
Your stone body is resilient. (AC +3)
You are immune to poison.
You resist negative energy. (rN+)
You are resistant to electric shocks. (rElec)
You are resistant to unholy torment.
You are immune to petrification.


   Skills:
 + Level 2.8 Fighting
 - Level 5.0 Ranged Weapons
 - Level 1.5 Dodging
 - Level 1.1 Stealth


You had 2 spell levels left.
You didn't know any spells.
Your spell library was empty.

Inventory:

Hand Weapons
 Y - a +0 shortbow (weapon)
Armour
 c - a +0 leather armour (worn)
 f - a +0 ring mail
Scrolls
 b - 3 scrolls of identify {unknown}
 e - a scroll of vulnerability {unknown}
Potions
 d - 2 potions of heal wounds {unknown}
 g - 2 potions of degeneration {unknown}

Dungeon Overview and Level Annotations

Branches:
Dungeon (2/15)

Altars:


Message History

The arrow hits the worm but does no damage.
The worm is lightly wounded.
The worm bites you.
You shoot an arrow. The arrow hits the worm.
The worm is moderately wounded.
The worm bites you but does no damage.
You shoot an arrow. The arrow hits the worm.
The worm is moderately wounded.
The worm misses you.
You shoot an arrow. The arrow hits the worm.
The worm is severely wounded.
You shoot an arrow. The arrow hits the worm.
The worm is almost dead.
The worm barely misses you.
You shoot an arrow. The arrow hits the worm.
The worm is almost dead.
The worm barely misses you. x2
You shoot an arrow. The arrow barely misses the worm.
You shoot an arrow. The arrow hits the worm.
The worm is almost dead.
The worm completely misses you. The worm barely misses you.
You shoot an arrow. The arrow hits the worm.
You kill the worm!
The worm bites you!
You shoot an arrow. The arrow hits the worm.
The worm is lightly wounded.
The endoplasm hits you. The worm bites you.
993 ||| READING scroll of teleportation.
As you read the scroll of teleportation, it crumbles to dust.
You feel strangely unstable. The endoplasm barely misses you.
You shoot an arrow. The arrow hits the worm.
The worm is moderately wounded.
The endoplasm hits you but does no damage.
The worm bites you but does no damage.
You shoot an arrow. The arrow hits the worm.
The worm is moderately wounded.
The endoplasm freezes you.
You are frozen.
The endoplasm hits you. The worm bites you.
You die...

######
#..###..###..##..##.#
#.## #..# ##......#.#
#.# #.## #.%##..#.#
#.# #.#####.##..##.#
#.# #.......#..##..##
#.#
#.#..##.#%......##
#.#
##.#.....##..##...#
#.#
#.J#.##^..####..#.##
#.#
#@.###.......#....
#w## ####......###
..#######....#####
.###).<.....#......
.. ..#####.########
.. #.# ..# #.# ..#
#.# # #.########


You could see a worm and an endoplasm.

Vanquished Creatures
  An adder (D:2)
  A worm (D:2)
  A dart slug (D:1)
  3 ball pythons
  2 bats
  2 endoplasms (D:1)
  2 giant cockroaches (D:2)
  2 goblins
  4 hobgoblins
  A kobold (D:2)
  3 quokkas
  2 frilled lizards (D:1)
  3 rats
27 creatures vanquished.

Notes
Turn   | Place    | Note
-------+----------+-------------------------------------------
     0 | D:1      | qw the Gargoyle Hunter began the quest for the Orb.
     0 | D:1      | Reached XP level 1. HP: 12/12 MP: 1/1
     0 | D:1      | 0 ||| qw: Version: 0.3-a-76-g4403597
     0 | D:1      | 0 ||| qw: Game counter: 446
     0 | D:1      | 0 ||| qw: Melee chars always use a shield: true
     0 | D:1      | 0 ||| qw: God list: Okawaru
     0 | D:1      | 0 ||| qw: Allow faded altars: false
     0 | D:1      | 0 ||| qw: Do Orc after clearing Dungeon:15 true
     0 | D:1      | 0 ||| qw: Do second Lair branch before Depths: true
     0 | D:1      | 0 ||| qw: Lair rune preference: random
     0 | D:1      | 0 ||| qw: Goals: Normal
     0 | D:1      | 0 ||| PLANNING D:1-11
   132 | D:1      | Reached XP level 2. HP: 15/17 MP: 2/2
   584 | D:1      | 584 ||| READING scroll labelled CUNODGH BYRAHOA.
   585 | D:1      | 585 ||| READING scroll labelled CEDOFY XORCHUIV.
   589 | D:1      | 589 ||| READING scroll labelled ZAICYORI GOGASA.
   590 | D:1      | 590 ||| DROPPING scroll of butterflies.
   658 | D:2      | Reached skill level 5 in Ranged Weapons
   658 | D:2      | Reached XP level 3. HP: 18/21 MP: 3/3
   992 | D:2      | HP: 4/22 [worm (5)]
   993 | D:2      | 993 ||| READING scroll of teleportation.
   995 | D:2      | HP: 1/22 [endoplasm (2)]
   995 | D:2      | Slain by a worm

Levels and vault maps discovered:
D:1:      dpeg_arrival_round_c, layout_loops_ring, minmay_misc_feat_columns
D:2:      layout_rooms, shapermc_ecumenical_altar_pompeii,
          minmay_close_crescents

Skill      XL: |  1  2 |
---------------+-------+-----
Ranged Weapons | 5 |  5.0
Fighting       | |  2.8
Dodging        | |  1.5
Stealth        | |  1.1

Action                     || total
---------------------------++-------
   Fire: Shortbow          ||    91
    Use: Scroll            ||     4
 Armour: Leather armour    ||    29
  Dodge: Dodged            ||    17

Table legend:
 A = Non-vault XP
 B = Vault XP
 C = Vault XP percentage of total XP
 D = Non-vault monster count
 E = Vault monster count
 F = Vault count percentage of total count
                 A         B        C        D         E       F
            +---------+---------+-------+---------+---------+-------
      Total |      59 |       6 |   9.2 |      23 |       4 |  14.8
            +---------+---------+-------+---------+---------+-------
        D:1 |      25 |       0 |   0.0 |      13 |       0 |   0.0
        D:2 |      34 |       6 |  15.0 |      10 |       4 |  28.6
            +---------+---------+-------+---------+---------+-------
